cohdb
Replays
Latest Replays
All Replays
Popular Replays
Top Player Replays
Match Explorer
How It Works
Community
CoH3 Stats
Reddit
Sign in to upload your games and track your stats! →
Sign in with Steam
Match 45441370
Unlisted
Match 45441370
Overview
Messages
Build Orders
End
Kettenkrad Recon Vehicle
Construct Infanterie Kompanie
Selects Luftwaffe Battlegroup
Selects Luftwaffe Pioneer Support
Grenadier Squad
MG 42 Machine Gun Team
Grenadier Squad
Grenadier Squad
Pioneer Squad
Selects Reconnaissance Run
Construct Luftwaffe Kompanie
221 Scout Car
Selects Fallschirmjäger Squad Paradrop
Medical Station
Flak 30 Anti-aircraft Gun Team
GrW 34 Mortar Team
Support Elements
Marder III M Tank Destroyer
Grenadier Squad
221 Scout Car
Selects Stuka Loiter
Stuka Loiter
Side Skirts
Wirbelwind Flakpanzer
Selects LG40 Recoilless Gun Paradrop
Grenadier Squad
Wirbelwind Flakpanzer
Marder III M Tank Destroyer
Stuka Loiter
Selects Infantry Reserves
Wirbelwind Flakpanzer
Grenadier Squad
MG 42 Machine Gun Team
MG 42 Bunker
Wirbelwind Flakpanzer
Stuka Loiter
MG 42 Bunker
Pioneer Squad
Construct Panzer Kompanie
Stuka Loiter
221 Scout Car
Jilner
luca
SneaKerz
gb_gbg
0
0
Comments
sign in to comment!
No comments posted yet!